 Dungeon Crawl Stone Soup version 0.25-a0-651-g8c222c7a2b (webtiles) character file.

Game seed: 5123662576644164578, levelgen mode: deterministic

4916 Mehrunes the Thaumaturge (level 10, -1/56 HPs)
             Began as a Deep Elf Fire Elementalist on Mar 22, 2020.
             Was a Believer of Sif Muna.
             Hit by a large rock thrown by a cyclops (19 damage)
             ... on level 8 of the Dungeon.
             The game lasted 00:33:31 (10301 turns).

Mehrunes the Thaumaturge (DEFE)                    Turns: 10301, Time: 00:33:32

Health: -1/56      AC:  7    Str:  8    XL:     10   Next: 27%
Magic:  2/26       EV: 14    Int: 21    God:    Sif Muna [**....]
Gold:   457        SH:  0    Dex: 15    Spells: 7/29 levels left

rFire    + . .     SeeInvis .   F - +6 short sword of Traps {venom, rC+ Stlth+}
rCold    . . .     Gourm    .   (no shield)
rNeg     . . .     Faith    .   A - +1 leather armour (curse)
rPois    .         Spirit   .   (no helmet)
rElec    .         Reflect  .   (no cloak)
rCorr    .         Harm     +   z - +2 pair of gloves
MR       +....                  (no boots)
Stlth    +++.......             v - amulet of harm
HPRegen  0.18/turn              C - ring of fire
MPRegen  0.20/turn              u - ring of wizardry

@: lethally poisoned (-1 -> -6), very slightly contaminated
A: no striking features
a: Channel Magic, Renounce Religion


You were on level 8 of the Dungeon.
You worshipped Sif Muna.
Sif Muna was pleased with you.
You were near starving.

You visited 2 branches of the dungeon, and saw 9 of its levels.

You collected 457 gold pieces.

Inventory:

Hand Weapons
 F - the +6 short sword of Traps (weapon) {venom, rC+ Stlth+}
   (You found it on level 7 of the Dungeon)

   It poisons the flesh of those it strikes.
   It protects you from cold.
   It makes you more stealthy.
 G - a +2 vampiric falchion
Missiles
 H - 8 silver boomerangs (quivered)
Armour
 a - a +0 robe
 z - a +2 pair of gloves (worn)
 A - a cursed +1 leather armour (worn)
Jewellery
 e - a +5 ring of protection
 i - an uncursed ring of ice
 k - a +3 ring of intelligence
 u - a ring of wizardry (right hand)
 v - an amulet of harm (around neck)
 B - an uncursed ring of wizardry
 C - a ring of fire (left hand)
Wands
 x - a wand of iceblast (10)
Scrolls
 b - a scroll of blinking
 d - 6 scrolls of teleportation
 f - a scroll of amnesia {unknown}
 h - a scroll of magic mapping {unknown}
 l - 2 scrolls of fog
 m - a scroll of remove curse {unknown}
 n - a scroll of enchant armour
 q - 2 scrolls of identify {unknown}
 w - a scroll of noise
 y - 2 scrolls of immolation {unknown}
 D - a scroll of fear {unknown}
Potions
 g - a potion of heal wounds {unknown}
 j - 2 potions of degeneration {unknown}
 o - a potion of berserk rage
 p - a potion of cancellation {unknown}
 r - 2 potions of brilliance {unknown}
 s - a potion of mutation {unknown}
 t - a potion of lignification {unknown}
 E - 2 potions of curing
Comestibles
 c - 11 rations


   Skills:
 + Level 3.0 Fighting
 + Level 2.6 Short Blades
 + Level 5.2 Dodging
 - Level 2.4 Stealth
 + Level 10.0 Spellcasting
 - Level 7.5 Conjurations
 - Level 8.3 Fire Magic
 - Level 3.0 Ice Magic
 - Level 6.2 Invocations


You had 7 spell levels left.
You knew the following spells:

 Your Spells              Type           Power        Failure   Level  Hunger
a - Foxfire               Conj/Fire      ####         1%          1    None
b - Conjure Flame         Conj/Fire      ######..     1%          3    None
c - Sticky Flame          Conj/Fire      ######..     1%          4    ##.....
d - Frozen Ramparts       Ice            ###...       3%          3    None
e - Fireball              Conj/Fire      ######....   4%          5    ####...
f - Ozocubu's Armour      Chrm/Ice       ###.....     6%          3    None
g - Inner Flame           Hex/Fire       #####...     1%          3    None

Your spell library contained the following spells:

 Spells                   Type           Power        Failure   Level  Hunger
 Freeze                   Ice            ###.         1%          1    None
 Animate Skeleton         Necr           N/A          4%          1    None
 Apportation              Tloc           ##....       4%          1    None
 Corona                   Hex            ##.....      4%          1    None
 Summon Small Mammal      Summ           ##..         4%          1    None
 Hailstorm                Conj/Ice       ####....     4%          4    ##.....
 Summon Ice Beast         Ice/Summ       ###.....     21%         4    ##.....


Dungeon Overview and Level Annotations

Branches:
Dungeon (8/15)             Temple (1/1) D:5
   Lair: D:8-11

Altars:
Ashenzari
Cheibriados
Dithmenos
Elyvilon
Fedhas
Hepliaklqana
Kikubaaqudgha
Makhleb
Nemelex Xobeh
Qazlal
Ru
Sif Muna
Trog
Uskayaw
Vehumet
Wu Jian
Yredelemnul
Zin
The Shining One

Shops:
D:5 (   D:7 =


Message History

You feel sick.
You hear a loud, deep croak!
You feel sick.
You feel sick.
You see here a poisoned dart.
You feel sick.
You feel sick.
You feel sick.
Things that are here:
a +0 club; 3 stones You feel sick.
You feel sick.
You feel sick.
You see here a stone.
You feel sick.
A cyclops comes into view.
You feel sick.
The cyclops shouts!
The cyclops throws a large rock.
The large rock hits you!
You die...

#..<....÷###......
#(................
#.....#####'#####..
#...######..##..# #))##
#.##..##..# ). #.##.C##..#
( ######..##..###
##.(..#(.##..#
##..###@##..##.. #..##
#.##..##..# ..... #)##
##..##.. ## ..... #.#
#..##..# .:...
####.#########'#####
.....##..(()..##...#.#...#
.....#.#...).#.#.#..##(..#
.....#.(#.))#..#.....÷...#
.....#.†.#.#...#.#.....####


You could see a cyclops.

Vanquished Creatures
  A manticore (D:8)
  Maurice (D:8)
  A komodo dragon (D:8)
  A hornet (D:8)
  A hippogriff (D:7)
  Eustachio (D:5)
  Menkaure (D:4)
  Edmund (D:5)
  An ice beast (D:5)
  An orc warrior (D:7)
  A phantom (D:5)
  3 sky beasts
  4 ogres
  A centaur (D:7)
  2 big kobolds (D:8)
  2 bullfrogs (D:7)
  A gnoll sergeant (D:8)
  4 scorpions
  13 killer bees
  A crimson imp (D:6)
  2 hounds
  A quasit (D:8)
  A centaur skeleton (D:4)
  3 jellies
  4 orc wizards
  7 orc priests
  Ijyb (D:5)
  Terence (D:2)
  3 iguanas
  5 worker ants
  A hound zombie (D:7)
  A hound skeleton (D:5)
  A worker ant zombie (D:6)
  9 adders
  7 gnolls
  2 shadow imps
  An adder skeleton (D:5)
  4 worms
  2 dart slugs
  7 leopard geckos
  30 orcs
  7 giant cockroaches
  2 gnoll zombies (D:6)
  6 goblins
  4 hobgoblins (D:3)
  4 jackals (D:3)
  5 quokkas
  A ball python (D:2)
  A bat (D:2)
  6 frilled lizards
  A jackal zombie (D:5)
  16 kobolds
  A leopard gecko skeleton (D:7)
  2 rats
191 creatures vanquished.

Vanquished Creatures (others)
  617 foxfires
617 creatures vanquished.

Grand Total: 808 creatures vanquished

Notes
Turn   | Place    | Note
-------+----------+-------------------------------------------
     0 | D:1      | Mehrunes the Deep Elf Fire Elementalist began the quest for
                  | the Orb.
     0 | D:1      | Reached XP level 1. HP: 10/10 MP: 6/6
   426 | D:1      | Reached XP level 2. HP: 15/15 MP: 5/8
  1207 | D:2      | Reached XP level 3. HP: 10/19 MP: 4/9
  1419 | D:2      | Found an ornate altar of the Wu Jian Council.
  1487 | D:2      | Learned a level 3 spell: Conjure Flame
  1504 | D:2      | Noticed Terence
  1513 | D:2      | Killed Terence
  1773 | D:2      | Reached XP level 4. HP: 24/24 MP: 7/11
  2065 | D:2      | Found a glowing golden altar of the Shining One.
  2066 | D:2      | Found a burning altar of Makhleb.
  2629 | D:3      | Reached skill level 4 in Spellcasting
  2734 | D:3      | Reached XP level 5. HP: 28/28 MP: 3/13
  3057 | D:3      | Learned a level 4 spell: Sticky Flame
  3480 | D:4      | Learned a level 3 spell: Frozen Ramparts
  3712 | D:4      | Reached skill level 5 in Fire Magic
  3864 | D:4      | Noticed Menkaure
  4442 | D:4      | Reached XP level 6. HP: 32/32 MP: 8/14
  4853 | D:4      | Reached skill level 5 in Spellcasting
  5266 | D:5      | Entered Level 5 of the Dungeon
  5269 | D:5      | Reached skill level 5 in Conjurations
  5419 | D:4      | Killed Menkaure
  5419 | D:4      | Reached XP level 7. HP: 28/36 MP: 7/17
  5504 | D:5      | Noticed Ijyb
  5517 | D:5      | Killed Ijyb
  5694 | D:5      | Learned a level 5 spell: Fireball
  5712 | D:5      | Found Giuxtaum's Antique Weapon Emporium.
  6076 | D:5      | Reached skill level 6 in Spellcasting
  6106 | D:5      | Noticed Edmund
  6219 | D:5      | Killed Edmund
  6219 | D:5      | Reached XP level 8. HP: 41/41 MP: 2/19
  6330 | D:5      | Learned a level 3 spell: Ozocubu's Armour
  6362 | D:5      | Reached skill level 1 in Ice Magic
  6594 | D:5      | Found a staircase to the Ecumenical Temple.
  6616 | Temple   | Entered the Ecumenical Temple
  6859 | Temple   | Became a worshipper of Sif Muna the Loreminder
  7098 | D:5      | Noticed Eustachio
  7104 | D:5      | Killed Eustachio
  7104 | D:5      | Reached skill level 7 in Spellcasting
  7104 | D:5      | Reached skill level 1 in Invocations
  7943 | D:6      | Found a bloodstained altar of Trog.
  8123 | D:6      | Learned a level 3 spell: Inner Flame
  8244 | D:6      | Found a glowing silver altar of Zin.
  8439 | D:6      | Found a basalt altar of Yredelemnul.
  8502 | D:6      | Reached skill level 8 in Spellcasting
  8813 | D:7      | Found Oribecs's Jewellery Emporium.
  8832 | D:7      | Noticed a hippogriff
  8833 | D:7      | Reached * piety under Sif Muna
  8852 | D:7      | Killed a hippogriff
  8852 | D:7      | Reached XP level 9. HP: 20/45 MP: 8/23
  9223 | D:7      | Got a bone short sword
  9224 | D:7      | Identified the +6 short sword of Traps {venom, rC+ Stlth+}
                  | (You found it on level 7 of the Dungeon)
  9865 | D:8      | Reached skill level 5 in Invocations
  9916 | D:8      | Noticed Maurice
  9954 | D:8      | Reached skill level 1 in Fighting
  9954 | D:8      | Reached skill level 9 in Spellcasting
 10179 | D:8      | Reached ** piety under Sif Muna
 10261 | D:8      | Noticed a manticore
 10262 | D:8      | Noticed a komodo dragon
 10263 | D:8      | Killed a komodo dragon
 10263 | D:8      | Reached skill level 1 in Short Blades
 10266 | D:8      | Killed a manticore
 10266 | D:8      | Reached XP level 10. HP: 32/54 MP: 4/25
 10290 | D:8      | Killed Maurice
 10290 | D:8      | Reached skill level 5 in Dodging
 10290 | D:8      | Reached skill level 10 in Spellcasting
 10301 | D:8      | Noticed a cyclops
 10301 | D:8      | Hit by a large rock thrown by a cyclops

Levels and vault maps discovered:
D:1:      sevenhm_arrival_forest_fort_large_2, layout_loops_ring
D:2:      layout_basic, minitemple, overflow_temple_1_default, first_ration,
          grunt_ministairs_13, nicolae_underground_beach, uniq_terence
D:3:      layout_loops_ring
D:4:      layout_loops_ring, uniq_menkaure
D:5:      layout_cave_pods, minmay_temple_entry_proselytizer, serial_shops,
          shop_fountains, gup_sewer_entry_bowl, minmay_crystal_room,
          uniq_eustachio, uniq_ijyb, uniq_edmund
D:6:      layout_loops_ring, lemuel_zombie_altar_yredelemnul,
          lemuel_coloured_pillars_altar, hangedman_abyss_or_decor_stagger,
          bloody_trog
D:7:      layout_basic, serial_shops, shop
D:8:      minmay_the_grid_plus_closed [minmay_the_grid_broken_lines,
          minmay_the_grid_x, minmay_the_grid_all_tris,
          minmay_the_grid_minigrid_medium, minmay_the_grid_prize_big_room],
          layout_cave_pools, gammafunk_temple_overflow_forgotten,
          hangedman_pestilent_swarm, uniq_maggie, uniq_maurice
Temple:   dpeg_chambers_temple

Skill      XL: |  1  2  3  4  5  6  7  8  9 10 |
---------------+-------------------------------+-----
Conjurations   | 2 3 4 5 6 7 |  7.5
Fire Magic     | 4 5 6 7 8 |  8.3
Spellcasting   | 4 5 6 8 9 10 | 10.0
Ice Magic      | 3 |  3.0
Invocations    | 3 6 |  6.2
Dodging        | 4 5 |  5.2
Fighting       | 2 3 |  3.0
Short Blades   | 1 2 |  2.6
Stealth        | |  2.4

Action                   |  1- 3 |  4- 6 |  7- 9 | 10-12 || total
-------------------------+-------+-------+-------+-------++-------
Melee: Falchion          |       |       |     8 |       ||     8
       Unarmed           |       |       |     1 |       ||     1
       Short sword       |       |       |    11 |     4 ||    15
 Cast: Foxfire           |    71 |   205 |   196 |       ||   472
       Conjure Flame     |       |     7 |     6 |       ||    13
       Sticky Flame      |       |     2 |    24 |     4 ||    30
       Fireball          |       |       |    16 |     7 ||    23
       Ozocubu's Armour  |       |       |     3 |       ||     3
       Frozen Ramparts   |       |       |     2 |       ||     2
Invok: Channel Magic     |       |       |     1 |     2 ||     3
  Use: Scroll            |     1 |     2 |     5 |       ||     8
       Potion            |       |       |     1 |       ||     1
  Eat: Chunk             |     2 |    11 |    15 |     2 ||    30
       Ration            |       |       |     2 |       ||     2
Armor: Robe              |     3 |    13 |     6 |       ||    22
       Leather armour    |       |       |     8 |     2 ||    10
Dodge: Dodged            |    15 |    28 |    39 |     8 ||    90
       Rpst.: Falchion   |       |       |     3 |       ||     3

Table legend:
 A = Non-vault XP
 B = Vault XP
 C = Vault XP percentage of total XP
 D = Non-vault monster count
 E = Vault monster count
 F = Vault count percentage of total count
                 A         B        C        D         E       F
            +---------+---------+-------+---------+---------+-------
      Total |    4420 |    2604 |  37.1 |     167 |      24 |  12.6
            +---------+---------+-------+---------+---------+-------
        D:1 |      26 |       0 |   0.0 |      13 |       0 |   0.0
        D:2 |      67 |      38 |  36.2 |      14 |       3 |  17.6
        D:3 |      92 |       0 |   0.0 |      31 |       0 |   0.0
        D:4 |     456 |     172 |  27.4 |      25 |       1 |   3.8
        D:5 |     788 |     445 |  36.1 |      19 |       8 |  29.6
        D:6 |     493 |       4 |   0.8 |      13 |       2 |  13.3
        D:7 |    1241 |     130 |   9.5 |      22 |       1 |   4.3
        D:8 |    1257 |    1815 |  59.1 |      30 |       9 |  23.1
            +---------+---------+-------+---------+---------+-------
